 Dungeon Crawl Stone Soup version 0.31-a0-845-g9abc20d (webtiles) character file.

Game seed: 1521027862483711266

1396 BarneyGumball the Basher (level 8, 0/75 HPs)
             Began as an Ogre Gladiator on Oct 2, 2023.
             Was a Believer of Okawaru.
             Slain by a sky beast (5 damage)
             ... on level 6 of the Dungeon.
             The game lasted 00:15:04 (5570 turns).

BarneyGumball the Basher (Ogre Gladiator)           Turns: 5570, Time: 00:15:05

Health: 0/75       AC:  4    Str: 21    XL:     8   Next: 68%
Magic:  6/8        EV: 12    Int:  9    God:    Okawaru [**....]
Gold:   225        SH:  0    Dex: 10    Spells: 7/7 levels left

rFire   + . .        e - +0 giant spiked club
rCold   . . .        (shield currently unavailable)
rNeg    . . .        g - +1 robe {rF+}
rPois   .            c - +0 hat
rElec   .            (no cloak)
rCorr   .            (gloves unavailable)
SInv    .            (boots unavailable)
Will    .....        (no amulet)
Stlth   +++          (no ring)
HPRegen 0.32/turn    (no ring)
MPRegen 0.11/turn

%: no passive effects
@: heroic
A: large, unfitting armour, tough skin 1
a: Renounce Religion, Heroism


You were on level 6 of the Dungeon.
You worshipped Okawaru.
Okawaru was pleased with you.
You visited 1 branch of the dungeon, and saw 6 of its levels.

You collected 225 gold pieces.

Inventory:

Hand Weapons
 e - a +0 giant spiked club (weapon)
Missiles
 a - a large rock
 d - 6 boomerangs (quivered)
 t - 2 poisoned darts
Armour
 c - a +0 hat (worn)
 f - an orb of light
 g - a +1 robe of fire resistance (worn)
Wands
 u - a wand of flame (13)
Scrolls
 h - a scroll of revelation {unknown}
 i - 8 scrolls of identify
 l - a scroll of fog {unknown}
 m - 3 scrolls of teleportation {unknown}
 p - a scroll of brand weapon {unknown}
 s - a scroll of torment {unknown}
 w - a scroll of fear {unknown}
Potions
 j - a potion of curing
 k - a potion of resistance {unknown}
 n - a potion of ambrosia {unknown}
 o - 2 potions of lignification
 q - 2 potions of heal wounds
 r - a potion of enlightenment {unknown}
 x - 2 potions of cancellation {unknown}


   Skills:
 + Level 3.0(8.0) Fighting
 + Level 9.8(14.8) Maces & Flails
 - Level 2.3(7.3) Throwing
 - Level 2.6(7.6) Dodging


You had 7 spell levels left.
You didn't know any spells.
Your spell library contained the following spells:

 Spells                   Type           Power      Damage    Failure   Level
 Ozocubu's Armour         Ice            0%         N/A       77%         3
 Iskenderun's Battlesphe  Conj           0%         2d6       100%        5
 Bombard                  Conj/Erth      0%         9d1       100%        6
 Ozocubu's Refrigeration  Ice            0%         4d7       100%        7
 Spellforged Servitor     Conj/Summ      Unusable   N/A       N/A         7

Dungeon Overview and Level Annotations

Branches:
Dungeon (6/15)             Temple (0/1) D:5

Altars:
Okawaru
Qazlal
Ru
Uskayaw
Lugonu

Portals:
Abyss: D:5


Innate Abilities, Weirdness & Mutations

You are too large for most types of armour.
You have tough skin. (AC +1)


Message History

Reactivating autopickup.
The sky beast hits you but does no damage.
You closely miss the sky beast. The sky beast barely misses you.
The sky beast hits you. The sky beast shocks you.
You sock the sky beast!
The sky beast is heavily wounded.
The sky beast hits you. The sky beast shocks you.
You closely miss the sky beast.
The sky beast is heavily wounded.
The sky beast closely misses you.
You closely miss the sky beast.
The sky beast is heavily wounded.
The sky beast barely misses you.
You closely miss the sky beast.
The sky beast is heavily wounded.
The sky beast flickers out of sight!
Deactivating autopickup; reactivate with Ctrl-A.
Something hits you but does no damage. Something hits you.
Something shocks you.
* * * LOW HITPOINT WARNING * * *
You barely miss something. Something hits you.
* * * LOW HITPOINT WARNING * * *
Something shocks you.
* * * LOW HITPOINT WARNING * * *
You gain the combat prowess of a mighty hero.
A sky beast appears from thin air!
Reactivating autopickup.
The sky beast closely misses you.
You closely miss the sky beast.
The sky beast is heavily wounded.
The sky beast hits you.
* * * LOW HITPOINT WARNING * * *
The sky beast shocks you.
* * * LOW HITPOINT WARNING * * *
You completely miss the sky beast.
The sky beast is heavily wounded.
The sky beast hits you.
* * * LOW HITPOINT WARNING * * *
The sky beast shocks you.
You die...

#.#.##....# #...###.#
#.#.......###.### #.#
#.#######.....#####.#
#...........#...[...#
######.#..#.#'#######
### ###..#..#.......#
..# ..#.....#.......#
#.# #.#######.......#
#.# #.#.....@.......#
#.# #.#+#####Y......#
###.###.......'.......#
##..!........###.......#
#....#.#.....# #...##'##
#...#...#....# #.####.#
#..#.....#...# #.#
#.###### ##....._....#.#
#.# #....?.#
....#.....#.#.# #.#
######.#


You could see a sky beast.

Vanquished Creatures
  Sigmund (D:4)
  Edmund (D:4)
  A sky beast (D:6)
  A water moccasin (D:5)
  2 ogres
  A centaur (D:3)
  Blork the orc (D:5)
  A scorpion (D:4)
  A howler monkey (D:5)
  3 hounds
  A jelly (D:5)
  A sleepcap (D:4)
  Ijyb (D:3)
  2 iguanas
  2 orc wizards (D:4)
  3 gnolls (D:5)
  8 adders
  A shadow imp (D:5)
  A white imp (D:6)
  3 worms
  5 dart slugs
  11 orcs
  5 bats
  13 endoplasms
  8 giant cockroaches
  11 goblins
  7 hobgoblins
  7 jackals
  7 kobolds
  3 quokkas
  6 ball pythons
  A frilled lizard (D:3)
  6 rats
126 creatures vanquished.

Vanquished Creatures (others)
  A lurking horror (D:5)
1 creature vanquished.

Grand Total: 127 creatures vanquished

Notes
Turn   | Place    | Note
-------+----------+-------------------------------------------
     0 | D:1      | BarneyGumball the Ogre Gladiator began the quest for the
                  | Orb.
     0 | D:1      | Reached XP level 1. HP: 22/22 MP: 1/1
   104 | D:1      | Reached skill level 3 in Maces & Flails
   104 | D:1      | Reached XP level 2. HP: 28/29 MP: 2/2
   311 | D:1      | Reached XP level 3. HP: 36/36 MP: 3/3
   542 | D:1      | Found a faded altar of an unknown god.
   900 | D:2      | Reached skill level 4 in Maces & Flails
   979 | D:2      | Reached XP level 4. HP: 41/44 MP: 4/4
  1711 | D:2      | Found an iron altar of Okawaru.
  1730 | D:2      | Became a worshipper of Warmaster Okawaru
  2027 | D:3      | Reached XP level 5. HP: 28/50 MP: 5/5
  2117 | D:3      | Reached skill level 5 in Maces & Flails
  2317 | D:3      | Noticed Ijyb
  2327 | D:3      | Killed Ijyb
  2804 | D:4      | Noticed an ogre
  2804 | D:4      | Noticed a centaur
  2811 | D:3      | Killed a centaur
  2812 | D:3      | Reached skill level 6 in Maces & Flails
  2812 | D:3      | Reached XP level 6. HP: 36/59 MP: 6/6
  3001 | D:4      | Noticed Sigmund
  3130 | D:4      | Killed Sigmund
  3130 | D:4      | Reached * piety under Okawaru
  3131 | D:4      | Reached skill level 7 in Maces & Flails
  3131 | D:4      | Reached XP level 7. HP: 66/66 MP: 7/7
  3394 | D:4      | Noticed Edmund
  3402 | D:4      | Killed Edmund
  3403 | D:4      | Reached skill level 8 in Maces & Flails
  3552 | D:4      | Found a hide-covered altar of Uskayaw.
  3696 | D:4      | Reached ** piety under Okawaru
  3816 | D:5      | Entered Level 5 of the Dungeon
  4031 | D:5      | Found a corrupted altar of Lugonu.
  4032 | D:5      | Found a one-way gate to the infinite horrors of the Abyss.
  4200 | D:5      | Found a staircase to the Ecumenical Temple.
  4215 | D:5      | Reached XP level 8. HP: 54/74 MP: 8/8
  4371 | D:5      | Noticed Blork the orc
  4378 | D:5      | Killed Blork the orc
  4379 | D:5      | Reached skill level 9 in Maces & Flails
  4674 | D:5      | Found a sacrificial altar of Ru.
  5140 | D:6      | Found a stormy altar of Qazlal.
  5570 | D:6      | Slain by a sky beast

Illustrated notes

Levels and vault maps discovered:
D:1:      psy_arrival_conway, layout_loops_ring,
          shapermc_ecumenical_altar_starsandcircs, serial_bayou_pond_e
D:2:      minmay_thinvault, layout_loops_corners, basic_altar,
          ebering_dispersal_statue_hall
D:3:      layout_basic, amcnicky_mini_corridor_feature, minmay_box_of_dots,
          uniq_ijyb
D:4:      layout_rooms, eat_drink_and_be_merry_uskayaw, sigmund_edmund_badplayer
D:5:      layout_loops_ring, old_standard_altar, minmay_temple_entry_trees,
          amcnicky_altar_lugonu_corruption, uniq_blork_the_orc
D:6:      layout_basic, nicolae_qazlal_beasts_of_the_sky,
          minmay_shop_enchanted_jewellery, uniq_menkaure

Skill      XL: |  1  2  3  4  5  6  7  8 |
---------------+-------------------------+-----
Maces & Flails | 3 4 6 7 8 9 |  9.8
Fighting       | 3 |  3.0
Throwing       | |  2.3
Dodging        | |  2.6

Action                     |  1- 3 |  4- 6 |  7- 9 || total
---------------------------+-------+-------+-------++-------
  Melee: Flail             |    86 |   149 |    13 ||   248
         Giant spiked club |       |       |   116 ||   116
  Throw: Boomerang         |       |    25 |    10 ||    35
         Throwing net      |       |     3 |     2 ||     5
         Large rock        |       |     2 |     3 ||     5
         Dart              |       |     4 |     7 ||    11
 Invoke: Heroism           |       |       |     2 ||     2
  Evoke: Wand              |       |       |     4 ||     4
    Use: Potion            |       |     2 |       ||     2
         Scroll            |       |       |     1 ||     1
   Stab: Held in net/web   |       |     1 |     1 ||     2
 Armour: Robe              |    52 |   100 |    94 ||   246
         Skin              |       |     3 |       ||     3
  Dodge: Dodged            |    45 |    83 |    62 ||   190

Table legend: (Time is in decaauts)
 A = Elapsed time spent in this place.
 B = Non-inter-level travel time spent in this place.
 C = Inter-level travel time spent in this place.
 D = Time resting spent in this place.
 E = Time spent auto-exploring this place.
 F = Levels seen in this place.
 G = Mean time per level.
                   A        B        C        D        E       F      G
               +--------+--------+--------+--------+--------+-----+--------+
         Total |   5659 |   5410 |    249 |    405 |   3954 |   6 |  943.2 |
       Dungeon |   5659 |   5410 |    249 |    405 |   3954 |   6 |  943.2 |
               +--------+--------+--------+--------+--------+-----+--------+

Top non-repeatable levels by time:
     D:5: 1220 daAuts
     D:2: 1129 daAuts
     D:3: 941 daAuts
     D:4: 905 daAuts
     D:1: 895 daAuts
     D:6: 567 daAuts
